 Dungeon Crawl Stone Soup version 0.23-a0-643-g9ccc95a (webtiles) character file.

119 galech the Shield-Bearer (level 4, -1/35 HPs)
             Began as a Demonspawn Fighter on Dec 31, 2018.
             Slain by Natasha (7 damage)
             ... on level 2 of the Dungeon.
             The game lasted 00:02:09 (1349 turns).

galech the Shield-Bearer (Demonspawn Fighter)       Turns: 1349, Time: 00:02:10

Health: -1/35      AC:  8    Str: 21    XL:     4   Next: 74%
Magic:  4/4        EV:  7    Int: 10    God:
Gold:   68         SH:  9    Dex: 13    Spells: 3/3 levels left

rFire    . . .     SeeInvis .   a - +0 war axe
rCold    . . .     Gourm    .   c - +0 shield
rNeg     . . .     Faith    .   b - +0 scale mail
rPois    .         Spirit   .   (no helmet)
rElec    .         Reflect  .   (no cloak)
rCorr    .         Harm     +   (no gloves)
MR       .....                  (no boots)
Stlth    ..........             j - amulet of harm
HPRegen  0.11/turn              (no ring)
MPRegen  0.09/turn              (no ring)

@: mighty, slowed, very slow
A: claws 1, iridescent scales 1
a: no special abilities


You were on level 2 of the Dungeon.
You were not hungry.

You visited 1 branch of the dungeon, and saw 2 of its levels.

You collected 68 gold pieces.

Inventory:

Hand Weapons
 a - a +0 war axe (weapon)
Armour
 b - a +0 scale mail (worn)
 c - a +0 shield (worn)
Jewellery
 j - an amulet of harm (around neck)
Scrolls
 h - a scroll of fog {unknown}
 k - a scroll of identify {unknown}
 m - a scroll of immolation {unknown}
Potions
 d - 2 potions of might
 e - a potion of curing {unknown}
 g - 2 potions of cancellation {unknown}
 i - a potion of resistance {unknown}
 l - a potion of agility {unknown}
 o - 2 potions of mutation {unknown}
Comestibles
 f - 3 rations
 n - 5 chunks of flesh


   Skills:
 + Level 3.3 Fighting
 + Level 2.7 Axes
 + Level 3.3 Armour
 + Level 0.6 Dodging
 + Level 3.6 Shields


You had 3 spell levels left.
You didn't know any spells.
Your spell library was empty.

Dungeon Overview and Level Annotations

Branches:
Dungeon (2/15)

Altars:

Annotations:
D:2 Natasha


Innate Abilities, Weirdness & Mutations

You have sharp fingernails.
You are partially covered in iridescent scales. (AC +2)


Message History

Natasha, Servant of Life and Death comes into view.
You see here a rat corpse.
You butcher the rat corpse.
Natasha casts a spell at you. You resist with some effort.
Things that are here:
a chunk of flesh; a rat skeleton Natasha casts a spell at you.
You resist with some effort. Natasha casts a spell at you.
You feel yourself slow down.
Things that are here:
2 chunks of flesh; the felid skeleton of Natasha Natasha casts a spell at you.
The magic dart hits you!
* * * LOW HITPOINT WARNING * * *
Natasha claws you but does no damage.
You barely miss Natasha. Natasha closely misses you.
You closely miss Natasha. Natasha claws you.
You die...

.. ##### .. .....##### .##
........# .. .#.##.....##
.###............####
.......#......(%.%.#######
.# .<..........#........
.# .#.........@..######.
.# #..#.......h##.# .# #.
##......###.# .#
#.#.#....## #.# .#
#.##>#.#####.. .#
#.............
.#########.#.#####.##
.##..รท.>...#.# .#
..#.########.#


You could see Natasha.

Vanquished Creatures
  Natasha (D:2)
  5 adders (D:2)
  2 dart slugs (D:1)
  2 leopard geckos
  A giant cockroach (D:1)
  5 goblins
  6 hobgoblins
  3 jackals (D:1)
  8 kobolds (D:1)
  A quokka (D:2)
  A ball python (D:1)
  3 bats (D:1)
  3 frilled lizards (D:1)
  5 rats
46 creatures vanquished.

Notes
Turn   | Place    | Note
-------+----------+-------------------------------------------
     0 | D:1      | galech the Demonspawn Fighter began the quest for the Orb.
     0 | D:1      | Reached XP level 1. HP: 18/18 MP: 1/1
    78 | D:1      | Gained mutation: You are partially covered in iridescent
                  | scales. (AC +2) [demonic ancestry]
    78 | D:1      | Reached XP level 2. HP: 20/24 MP: 2/2
   554 | D:1      | Reached XP level 3. HP: 27/29 MP: 3/3
  1261 | D:2      | Gained mutation: You have sharp fingernails. [demonic
                  | ancestry]
  1261 | D:2      | Reached XP level 4. HP: 35/35 MP: 4/4
  1303 | D:2      | Noticed Natasha
  1328 | D:2      | Killed Natasha
  1341 | D:2      | Noticed Natasha
  1349 | D:2      | Slain by Natasha

Vault maps used:
D:1:      psy_arrival_fountain
D:2:      uniq_robin, uniq_natasha

Skill      XL: |  1  2  3 |
---------------+----------+-----
Axes           | 2 |  2.7
Shields        | 3 |  3.6
Armour         | 3 |  3.3
Fighting       | |  3.3
Dodging        | |  0.6

Action                   |  1- 3 |  4- 6 || total
-------------------------+-------+-------++-------
Melee: War axe           |   126 |    45 ||   171
  Use: Potion            |       |     1 ||     1
  Eat: Chunk             |     1 |     1 ||     2
Armor: Scale mail        |    77 |    22 ||    99
Dodge: Dodged            |    32 |    17 ||    49
Block: Shield            |    84 |    33 ||   117

Table legend:
 A = Non-vault XP
 B = Vault XP
 C = Vault XP percentage of total XP
 D = Non-vault monster count
 E = Vault monster count
 F = Vault count percentage of total count
                 A         B        C        D         E       F
            +---------+---------+-------+---------+---------+-------
      Total |     136 |      35 |  20.5 |      45 |       1 |   2.2
            +---------+---------+-------+---------+---------+-------
        D:1 |      58 |       0 |   0.0 |      34 |       0 |   0.0
        D:2 |      78 |      35 |  31.0 |      11 |       1 |   8.3
            +---------+---------+-------+---------+---------+-------
